 Dungeon Crawl Stone Soup version 0.28-a0-1415-g7c84da036a (webtiles) character file.

Game seed: 11294570287611045018

341 blank1 the Magician (level 6, -6/46 HPs)
             Began as a Djinni Conjurer on Jan 7, 2022.
             Mangled by a bullfrog (7 damage)
             ... in a sewer.
             The game lasted 00:08:07 (3484 turns).

blank1 the Magician (Djinni Conjurer)               Turns: 3484, Time: 00:08:08

Health: -6/46      AC:  3    Str:  6    XL:     6   Next: 87%
Gold:   122        EV: 13    Int: 20    God:
                   SH:  0    Dex: 13

rFire   + + .      SeeInvis .   i - +1 dagger (venom)
rCold   x . .      Faith    .   (no shield)
rNeg    . . .      Spirit   .   a - +0 robe
rPois   ∞          Reflect  .   (no helmet)
rElec   .          Harm     .   j - +0 cloak
rCorr   .          Rampage  .   (no gloves)
Will    .....                   (boots unavailable)
Stlth   ++........              (no amulet)
HPRegen 0.15/turn               (no ring)
MPRegen 0.00/turn               (no ring)

@: flying
A: sickness immunity, fire resistance 2, cold vulnerability 1, float, innate
caster, hp casting, extra vitality 1
a: no special abilities


You were in a sewer.
You visited 1 branch of the dungeon, and saw 3 of its levels.
You also visited: Sewer.

You collected 122 gold pieces.

Inventory:

Hand Weapons
 i - a +1 dagger of venom (weapon)
Armour
 a - a +0 robe (worn)
 j - a +0 cloak (worn)
Scrolls
 b - 2 scrolls of teleportation {unknown}
 c - 3 scrolls of enchant armour {unknown}
 g - a scroll of silence {unknown}
 h - a scroll of holy word {unknown}
 l - 2 scrolls of fear {unknown}
 m - a scroll of blinking {unknown}
Potions
 d - a potion of haste
 f - a potion of ambrosia {unknown}
 k - a potion of magic {unknown}
 n - a potion of lignification {unknown}
 o - a potion of brilliance {unknown}
 p - a potion of heal wounds


   Skills:
 - Level 3.0 Fighting
 + Level 3.3 Dodging
 - Level 2.0 Stealth
 - Level 5.0 Spellcasting


You couldn't memorise any spells.
You knew the following spells:

 Your Spells              Type           Power      Damage    Failure   Level
a - Magic Dart            Conj           100%       1d8       1%          1
b - Searing Ray           Conj           50%        2d6       2%          2
c - Dazzling Flash        Conj/Hex       50%        N/A       4%          3
d - Fulminant Prism       Conj/Hex       12%        3d9       14%         4
e - Iskenderun's Mystic   Conj/Tloc      25%        2d7       14%         4
f - Slow                  Hex            100%       N/A       1%          1
g - Blink                 Tloc           50%        N/A       2%          2
Your spell library was empty.

Dungeon Overview and Level Annotations

Branches:
Dungeon (3/15)              Sewer (1/1)

Altars:


Innate Abilities, Weirdness & Mutations

You are immune to sickness and miasma.
You are immune to poison.
Your flesh is very heat resistant. (rF++)
You are vulnerable to cold. (rC-)
You float through the air rather than walking.
You learn spells naturally, not from books.
Your magical power is your life essence.
You have superior vitality. (+4 MHP)


Message History

The blast of energy engulfs the bullfrog!
The bullfrog is heavily wounded.
The blast of energy engulfs the adder!
You kill the adder!
The blast of energy engulfs the adder.
The adder is moderately wounded.
Unknown command.
You feel stable enough to blink again. The bullfrog hits you.
The bullfrog misses you. The bullfrog barely misses you.
The adder closely misses you.
Things that are here:
a rat corpse; a frilled lizard corpse The bullfrog hits you but does no damage.
The bullfrog hits you. The bullfrog hits you. The bullfrog closely misses you.
The bullfrog hits you. x2
The bullfrog hits you.
The bullfrog hits you but does no damage.
The bullfrog hits you but does no damage.
The bullfrog misses you. The adder bites you but does no damage.
The bullfrog snags a nearby mosquito with its tongue.
The bullfrog hits you. The bullfrog hits you.
* * * LOW HITPOINT WARNING * * *
The bullfrog misses you. The bullfrog hits you!
* * * LOW HITPOINT WARNING * * *
Okay, then.
Casting: Fulminant Prism (quite dangerous; 14% risk of failure)
Confirm with . or Enter, or press ? or * to list all spells.
You don't have enough health to cast this spell.
As you read the scroll labelled REUDGHAEQUR, it crumbles to dust.
It is a scroll of identify.
d - a potion of haste The bullfrog hits you.
* * * LOW HITPOINT WARNING * * *
The bullfrog hits you!
You die...

#....#..# ##...####
#....####################
#.....#≈≈≈≈≈≈≈≈.≈≈≈≈≈≈..###
#†...†.≈≈≈≈≈≈≈...≈≈≈≈≈≈..†##
#......≈≈≈≈≈≈≈..≈≈≈≈≈≈≈....#
##.....≈≈≈≈≈≈≈S..≈≈≈≈≈.†...#
##....≈≈≈≈≈≈≈FS.≈≈≈≈≈≈...†##
###.#≈≈≈≈≈≈@FSS≈≈≈≈≈......#
####################..†.#
##...## #####S..# #..'.†..#
#..#†...# ####.S.##
###################....#
..≈≈≈≈≈≈≈≈≈≈≈≈≈≈≈......#


You could see 2 bullfrogs, 3 adders and a ball python.

Vanquished Creatures
  A howler monkey (D:3)
  Crazy Yiuf (D:2)
  An orc wizard (D:3)
  5 adders
  8 gnolls (D:2)
  4 river rats
  3 worms
  3 orcs (D:3)
  9 endoplasms
  2 giant cockroaches
  5 goblins
  4 hobgoblins
  2 jackals (D:2)
  2 quokkas
  14 ball pythons
  3 bats
  3 frilled lizards
  2 kobolds (D:2)
  26 rats
98 creatures vanquished.

Vanquished Creatures (others)
  A fulminant prism (Sewer)
  A fungus (D:2)
2 creatures vanquished.

Grand Total: 100 creatures vanquished

Notes
Turn   | Place    | Note
-------+----------+-------------------------------------------
     0 | D:1      | blank1 the Djinni Conjurer began the quest for the Orb.
     0 | D:1      | Reached XP level 1. HP: 15/15 MP: 0/0
   260 | D:1      | Reached XP level 2. HP: 16/22 MP: 0/0
   580 | D:1      | Found a faded altar of an unknown god.
   838 | D:2      | Reached skill level 1 in Fighting
   838 | D:2      | Reached XP level 3. HP: 16/27 MP: 0/0
   838 | D:2      | Learned a level 1 spell: Slow
  1474 | D:2      | Reached XP level 4. HP: 27/32 MP: 0/0
  1603 | D:2      | Reached skill level 4 in Spellcasting
  2131 | D:2      | Reached XP level 5. HP: 32/37 MP: 0/0
  2131 | D:2      | Learned a level 2 spell: Blink
  2483 | D:2      | Found a runed translucent door.
  2484 | D:2      | Noticed Crazy Yiuf
  2493 | D:2      | Killed Crazy Yiuf
  2707 | D:3      | Reached XP level 6. HP: 27/43 MP: 0/0
  2748 | D:3      | Reached skill level 5 in Spellcasting
  2886 | D:3      | Found a glowing drain.
  2914 | Sewer    | Entered a sewer
  3484 | Sewer    | HP: 1/46 [bullfrog (3)]
  3484 | Sewer    | Mangled by a bullfrog

Illustrated notes

Levels and vault maps discovered:
D:1:      ncdulo_lavacross, layout_basic, hellmonk_ecumenical_altar_blasted
D:2:      layout_rooms, minmay_rat_gold_closets, uniq_crazy_yiuf_cottage
D:3:      layout_basic, nicolae_overflow_ecumenical_swirl,
          nicolae_tso_besieged_by_evil, gup_sewer_entry_bubbles, uniq_terence
Sewer:    sewer_minmay_w

Skill      XL: |  1  2  3  4  5  6 |
---------------+-------------------+-----
Fighting       | 1 2 3 |  3.0
Stealth        | 2 |  2.0
Dodging        | 3 |  3.3
Spellcasting   | 4 5 |  5.0

Action                   |  1- 3 |  4- 6 || total
-------------------------+-------+-------++-------
Melee: Dagger            |       |     7 ||     7
       Punch             |       |     2 ||     2
 Cast: Magic Dart        |    76 |   156 ||   232
       Searing Ray       |       |     4 ||     4
       Slow              |       |     1 ||     1
       Blink             |       |     1 ||     1
       Fulminant Prism   |       |     1 ||     1
  Use: Scroll            |       |     1 ||     1
       Potion            |       |     1 ||     1
 Stab: Sleeping          |       |     1 ||     1
Armor: Robe              |       |     6 ||     6
Dodge: Dodged            |     3 |    23 ||    26

Table legend: (Time is in decaauts)
 A = Elapsed time spent in this place.
 B = Non-inter-level travel time spent in this place.
 C = Inter-level travel time spent in this place.
 D = Time resting spent in this place.
 E = Time spent auto-exploring this place.
 F = Levels seen in this place.
 G = Mean time per level.
                   A        B        C        D        E       F      G
               +--------+--------+--------+--------+--------+-----+--------+
         Total |   3485 |   3332 |    153 |    239 |   2484 |   4 |  871.2 |
       Dungeon |   2915 |   2762 |    153 |    239 |   2011 |   3 |  971.7 |
         Sewer |    569 |    569 |      0 |      0 |    473 |   1 |  569.0 |
               +--------+--------+--------+--------+--------+-----+--------+

Top non-repeatable levels by time:
     D:2: 1717 daAuts
     D:1: 943 daAuts
   Sewer: 569 daAuts
     D:3: 254 daAuts
